 Dungeon Crawl Stone Soup version 0.24.1-8-ga250c9d538 (webtiles) character file.

Game seed: 10118435244405059702, levelgen mode: deterministic

78 Peloso the Skirmisher (level 4, -3/35 HPs)
             Began as a Demonspawn Fighter on Apr 30, 2020.
             Slain by a worm (5 damage)
             ... on level 2 of the Dungeon on May 1, 2020.
             The game lasted 00:03:27 (823 turns).

Peloso the Skirmisher (Demonspawn Fighter)           Turns: 823, Time: 00:03:27

Health: -3/35      AC:  6    Str: 18    XL:     4   Next: 15%
Magic:  4/4        EV:  7    Int:  9    God:
Gold:   73         SH:  9    Dex: 12    Spells: 3/3 levels left

rFire    . . .     SeeInvis +   a - +0 long sword
rCold    . . .     Gourm    .   c - +0 shield
rNeg     . . .     Faith    .   b - +0 scale mail
rPois    +         Spirit   .   (no helmet)
rElec    .         Reflect  .   (no cloak)
rCorr    .         Harm     .   (no gloves)
MR       .....                  (no boots)
Stlth    ..........             j - amulet of regeneration
HPRegen  0.51/turn              g - ring of see invisible
MPRegen  0.09/turn              h - ring of poison resistance

@: no status effects
A: claws 1, powered by death 2
a: no special abilities


You were on level 2 of the Dungeon.
You were not hungry.

You visited 1 branch of the dungeon, and saw 2 of its levels.

You collected 73 gold pieces.

Inventory:

Hand Weapons
 a - a +0 long sword (weapon)
Armour
 b - a +0 scale mail (worn)
 c - a +0 shield (worn)
Jewellery
 g - a ring of see invisible (left claw)
 h - a ring of poison resistance (right claw)
 i - an uncursed amulet of the acrobat
 j - an amulet of regeneration (around neck)
Scrolls
 e - a scroll of blinking {unknown}
 k - a scroll of remove curse
 l - a scroll of magic mapping {unknown}
Potions
 d - a potion of might
Comestibles
 f - 2 rations


   Skills:
 + Level 3.4 Fighting
 + Level 2.5 Long Blades
 + Level 3.2 Armour
 + Level 0.3 Dodging
 + Level 3.2 Shields


You had 3 spell levels left.
You didn't know any spells.
Your spell library was empty.

Dungeon Overview and Level Annotations

Branches:
Dungeon (2/15)

Altars:
Uskayaw


Innate Abilities, Weirdness & Mutations

You have sharp fingernails.
You regenerate health from kills.


Message History

Press ? for a list of commands and other information.
Found 26 stones.
Key pressed, stopping explore.
A worm comes into view.
Found a stone staircase leading down.
A worm is nearby!
A worm comes into view.
The worm barely misses you.
You barely miss the worm. The worm bites you. x2
Your shield prevents you from hitting the worm.
You hit the worm but do no damage. The worm bites you. x2
You barely miss the worm. The worm bites you! x2
* * * LOW HITPOINT WARNING * * *
You barely miss the worm. The worm bites you!
* * * LOW HITPOINT WARNING * * *
The worm bites you but does no damage.
You hit the worm.
The worm is lightly wounded.
The worm bites you.
You die...

................
#...###...........#
######.##
##.........##
........# #......(....
......# #...........
.....# #..........#
##"..## #..........#
#..ww>####...........
#...@....# #
##.....##.# . .
#.....?##.## #.#...
#.#....##..####.......
# #..#................
.....##...#..###......
#.#.##
#........##..... # #.
#....#.......### #.
#....##...#...##


You could see 2 worms.

Vanquished Creatures
  An adder (D:2)
  A gnoll (D:1)
  2 oozes (D:2)
  2 worms (D:2)
  A dart slug (D:1)
  3 leopard geckos (D:2)
  5 giant cockroaches
  4 hobgoblins (D:1)
  4 jackals (D:2)
  A kobold (D:2)
  2 ball pythons (D:2)
  3 bats
  2 frilled lizards
  4 goblins
  4 rats
39 creatures vanquished.

Notes
Turn   | Place    | Note
-------+----------+-------------------------------------------
     0 | D:1      | Peloso the Demonspawn Fighter began the quest for the Orb.
     0 | D:1      | Reached XP level 1. HP: 18/18 MP: 1/1
   110 | D:1      | Gained mutation: You regenerate a little health from kills.
                  | [demonic ancestry]
   110 | D:1      | Reached XP level 2. HP: 14/24 MP: 2/2
   547 | D:2      | Gained mutation: You regenerate health from kills. [demonic
                  | ancestry]
   547 | D:2      | Reached XP level 3. HP: 29/29 MP: 3/3
   721 | D:2      | Noticed a +0 dagger
   722 | D:2      | Noticed a +0 dagger
   726 | D:2      | Found a hide-covered altar of Uskayaw.
   741 | D:2      | Gained mutation: You have sharp fingernails. [demonic
                  | ancestry]
   741 | D:2      | Reached XP level 4. HP: 35/35 MP: 4/4
   822 | D:2      | HP: 1/35 [worm (9)]
   823 | D:2      | Slain by a worm

Levels and vault maps discovered:
D:1:      minmay_arrival_hallway, layout_basic, chequers_jeans,
          minmay_statues_item
D:2:      layout_rooms, dancing_weapons_uskayaw

Skill      XL: |  1  2 |
---------------+-------+-----
Armour         | 3 |  3.2
Long Blades    | 2 |  2.5
Shields        | 3 |  3.2
Fighting       | |  3.4
Dodging        | |  0.3

Action                   |  1- 3 |  4- 6 || total
-------------------------+-------+-------++-------
Melee: Long sword        |   109 |    41 ||   150
  Use: Scroll            |     2 |       ||     2
       Potion            |     1 |       ||     1
Armor: Scale mail        |    72 |    46 ||   118
Dodge: Dodged            |    46 |    33 ||    79
Block: Shield            |    71 |    42 ||   113
       Rpst.: Long sword |    15 |     9 ||    24
